 Dungeon Crawl Stone Soup version 0.31-a0-1280-g1fbed5c (webtiles) character file.

Game seed: 1472589837056638149

1914749 Kearsarge the Merfolkian Porcupine (level 26, 239/314 HPs)
             Began as a Merfolk Fighter on Dec 17, 2023.
             Was an Initiate of Gozag.
             Escaped with the Orb
             ... and 3 runes!
             The game lasted 01:21:44 (50692 turns).

Kearsarge the Merfolkian Porcupine (MfFi)          Turns: 50692, Time: 01:21:44

Health: 239/314    AC: 43    Str: 22    XL:     26   Next: 12%
Magic:  23/23      EV: 24    Int:  6    God:    Gozag
Gold:   624        SH: 25    Dex: 16    Spells: 25/25 levels left

rFire   + + .        a - +8 demon trident "Rift" {distort, reach+}
rCold   + + .        Y - +5 kite shield {reflect}
rNeg    + . .        (body armour currently unavailable)
rPois   ∞            i - +2 helmet {SInv}
rElec   +            J - scarf {rC+ rF+}
rCorr   .            (gloves currently unavailable)
SInv    +            (boots currently unavailable)
Will    ++++.        d - amulet of reflection
Stlth   +            c - ring "Bitsanum" {+Blink rElec rC+ Will+++ Int-3}
HPRegen 0.72/turn    L - ring "Keguaczi" {rElec rF+ AC+4 SInv}
MPRegen 0.18/turn

%: reflection
@: statue-form, very slow
A: slow and powerful, torment resistance 1, boosted hp, (nimble swimmer 2),
mertail, weak 1, MP-powered wands
0: Orb of Zot
}: 3/15 runes: decaying, silver, gossamer
a: Begin Untransformation, Renounce Religion, Evoke Blink, Potion Petition, Call
Merchant, Bribe Branch


You escaped.
You worshipped Gozag.
Gozag was pleased with you.
You were a living statue of rough stone.
You visited 10 branches of the dungeon, and saw 48 of its levels.
You visited 1 bazaar.
You visited 1 ziggurat, and saw 4 of its levels.
You also visited: Bailey and Desolation.

You collected 24592 gold pieces.
You spent 6099 gold pieces at shops.
You paid 17869 gold pieces to Gozag.

Inventory:

Hand Weapons
 a - the +8 demon trident "Rift" (weapon) {distort, reach+}
   (You found it on level 5 of the Vaults)
Missiles
 f - 2 throwing nets
 K - 18 curare-tipped darts
Armour
 i - a +2 helmet of see invisible (worn)
 J - a scarf of resistance (worn)
 Q - a +2 tower shield
 Y - a +5 kite shield of reflection (worn)
Jewellery
 c - the ring "Bitsanum" (left fist) {+Blink rElec rC+ Will+++ Int-3}
   (You bought it in a shop in a bazaar)

   [ring of protection from cold]

   Int-3:     It affects your intelligence (-3).
   rC+:       It protects you from cold.
   rElec:     It insulates you from electricity.
   Will+++:   It greatly increases your willpower.
   +Blink:    It lets you blink.
 d - an amulet of reflection (around neck)
 p - the ring of Interdependent Arising {rC+ Str+2}
   (You took it off a deep elf sorcerer on level 3 of the Elven Halls)

   [ring of protection from cold]

   Str+2:     It affects your strength (+2).
   rC+:       It protects you from cold.
 F - the ring of Incredulity {Will+ Str+6 Int+4}
   (You bought it in a shop on level 9 of the Dungeon)

   [ring of strength]

   Str+6:     It affects your strength (+6).
   Int+4:     It affects your intelligence (+4).
   Will+:     It increases your willpower.
 L - the ring "Keguaczi" (right fist) {rElec rF+ AC+4 SInv}
   (You bought it in a shop in a bazaar)

   [ring of protection]

   AC+4:      It affects your AC (+4).
   rF+:       It protects you from fire.
   rElec:     It insulates you from electricity.
   SInv:      It lets you see invisible.
 M - a ring of flight
 U - a ring of see invisible
Talismans
 z - a granite talisman (active)
Wands
 r - a wand of charming (60)
 G - a wand of digging (20)
 N - a wand of roots (61)
 O - a wand of light (34)
 P - a wand of mindburst (12)
 X - a wand of polymorph (5)
Scrolls
 k - 16 scrolls of teleportation
 l - 2 scrolls of fear
 o - 3 scrolls of vulnerability
 s - 3 scrolls of fog
 u - a scroll of torment
 v - a scroll of butterflies
 x - 7 scrolls of noise
 A - 5 scrolls of poison
 D - a scroll of blinking
 H - 8 scrolls of immolation
Potions
 b - 8 potions of ambrosia
 e - 6 potions of enlightenment
 g - 6 potions of brilliance
 j - 17 potions of curing
 m - 3 potions of attraction
 n - 2 potions of haste
 t - 14 potions of mutation
 w - 2 potions of resistance
 C - 5 potions of magic
 E - 7 potions of heal wounds
 I - 5 potions of might
 R - a potion of cancellation
 S - 3 potions of lignification
 V - 4 potions of invisibility
 Z - 2 potions of berserk rage
Miscellaneous
 h - a phantom mirror
 q - a condenser vane
 T - a phial of floods
 W - a lightning rod (4/4)


   Skills:
 O Level 27 Fighting
 O Level 27 Polearms
 - Level 2.1 Armour
 + Level 21.9 Dodging
 - Level 18.0 Shields
 - Level 23.5 Shapeshifting


You had 25 spell levels left.
You didn't know any spells.
Your spell library contained the following spells:

 Spells                   Type           Power      Damage    Failure   Level
 Foxfire                  Conj/Fire      0%         2x1d4     56%         1
 Freeze                   Ice            0%         1d3       56%         1
 Kiss of Death            Conj/Necr      0%         2d5       56%         1
 Sandblast                Erth           0%         2d4       56%         1
 Shock                    Conj/Air       0%         1d3       56%         1
 Slow                     Hex            0%         N/A       56%         1
 Sting                    Tmut/Pois      0%         1d3       56%         1
 Summon Small Mammal      Summ           0%         N/A       56%         1
 Blink                    Tloc           0%         N/A       71%         2
 Cigotuvi's Dreadful Rot  Necr/Pois/Air  0%         N/A       71%         2
 Ensorcelled Hibernation  Hex/Ice        0%         N/A       71%         2
 Jinxbite                 Hex            0%         N/A       71%         2
 Lesser Beckoning         Tloc           0%         N/A       71%         2
 Momentum Strike          Conj/Tloc      0%         3d8       71%         2
 Passwall                 Tmut/Erth      0%         N/A       71%         2
 Poisonous Vapours        Pois/Air       0%         N/A       71%         2
 Scorch                   Fire           0%         2d5       71%         2
 Static Discharge         Conj/Air       0%         3-3/arc   71%         2
 Call Canine Familiar     Summ           0%         N/A       90%         3
 Confusing Touch          Hex            0%         N/A       90%         3
 Dazzling Flash           Conj/Hex       0%         N/A       90%         3
 Frozen Ramparts          Ice            0%         1d1       90%         3
 Hailstorm                Conj/Ice       0%         3d5       90%         3
 Mephitic Cloud           Conj/Pois/Air  0%         N/A       90%         3
 Sigil of Binding         Hex            0%         N/A       90%         3
 Stone Arrow              Conj/Erth      0%         3d7       90%         3
 Summon Guardian Golem    Hex/Summ       0%         N/A       90%         3
 Swiftness                Air            0%         N/A       90%         3
 Tukima's Dance           Hex            0%         N/A       90%         3
 Vampiric Draining        Necr           0%         2d6       90%         3
 Volatile Blastmotes      Fire/Tloc      0%         2d10      90%         3
 Airstrike                Air            0%         2d(0-16)  100%        4
 Anguish                  Hex/Necr       0%         N/A       100%        4
 Animate Armour           Summ/Erth      0%         N/A       100%        4
 Brom's Barrelling Bould  Conj/Erth      0%         2d3       100%        4
 Cause Fear               Hex            0%         N/A       100%        4
 Dimensional Bullseye     Hex/Tloc       0%         N/A       100%        4
 Dispel Undead            Necr           0%         3d6       100%        4
 Flame Wave               Conj/Fire      0%         2d4       100%        4
 Fulminant Prism          Conj/Hex       0%         3d5       100%        4
 Iskenderun's Mystic Bla  Conj/Tloc      0%         2d3       100%        4
 Leda's Liquefaction      Tmut/Erth      0%         N/A       100%        4
 Manifold Assault         Tloc           0%         N/A       100%        4
 Passage of Golubria      Tloc           0%         N/A       100%        4
 Petrify                  Tmut/Erth      0%         N/A       100%        4
 Summon Ice Beast         Ice/Summ       0%         N/A       100%        4
 Summon Lightning Spire   Summ/Air       0%         N/A       100%        4
 Agony                    Necr           0%         N/A       100%        5
 Fireball                 Conj/Fire      0%         3d3       100%        5
 Freezing Cloud           Conj/Ice/Air   0%         6-21      100%        5
 Iskenderun's Battlesphe  Conj           0%         2d6       100%        5
 Metabolic Englaciation   Hex/Ice        0%         N/A       100%        5
 Silence                  Hex/Air        0%         N/A       100%        5
 Summon Forest            Summ/Tloc      0%         N/A       100%        5
 Summon Mana Viper        Hex/Summ       0%         N/A       100%        5
 Yara's Violent Unravell  Hex/Tmut       0%         3d3       100%        5
 Bombard                  Conj/Erth      0%         9d1       100%        6
 Conjure Ball Lightning   Conj/Air       0%         3x3d6     100%        6
 Death Channel            Necr           0%         N/A       100%        6
 Eringya's Noxious Bog    Tmut/Pois      0%         4d6       100%        6
 Plasma Beam              Fire/Air       0%         2x1d10    100%        6
 Starburst                Conj/Fire      0%         6d3       100%        6
 Summon Cactus Giant      Summ           0%         N/A       100%        6
 Enfeeble                 Hex            0%         N/A       100%        7
 Haunt                    Necr/Summ      0%         N/A       100%        7
 Malign Gateway           Summ/Tloc      0%         N/A       100%        7
 Monstrous Menagerie      Summ           0%         N/A       100%        7
 Spellforged Servitor     Conj/Summ      0%         N/A       100%        7
 Summon Hydra             Summ           0%         N/A       100%        7
 Discord                  Hex            0%         N/A       100%        8
 Lehudib's Crystal Spear  Conj/Erth      0%         10d2      100%        8
 Summon Horrible Things   Summ           0%         N/A       100%        8
 Chain Lightning          Conj/Air       0%         N/A       100%        9
 Death's Door             Necr           0%         N/A       100%        9
 Dragon's Call            Summ           0%         N/A       100%        9
 Fire Storm               Conj/Fire      0%         5d1       100%        9
 Polar Vortex             Ice            0%         N/A       100%        9
 Shatter                  Erth           0%         3d5*      100%        9
 Sublimation of Blood     Necr           Unusable   N/A       N/A         2

Dungeon Overview and Level Annotations

Branches:
Dungeon (15/15)            Temple (1/1) D:6            Lair (5/5) D:9
  Swamp (4/4) Lair:3       Spider (4/4) Lair:3        Slime (0/5) Lair:4
    Orc (2/2) D:9             Elf (3/3) Orc:2        Vaults (5/5) D:14
  Crypt (0/3) Vaults:3     Depths (4/4) D:15            Zot (5/5) Depths:4
 Bailey (visited)         Desolation (visited)

Altars:
Ashenzari
Cheibriados
Dithmenos
Elyvilon
Fedhas
Gozag
Hepliaklqana
Kikubaaqudgha
Makhleb
Nemelex Xobeh
Okawaru
Qazlal
Ru
Sif Muna
Trog
Uskayaw
Vehumet
Wu Jian
Xom
Yredelemnul
Zin
The Shining One
Jiyva

Shops:
D:5 :   D:9 ?=   D:13 [(   D:14 ==   D:15 [   Orc:1 [   Orc:2 [*(=   Elf:1 :=:
Elf:2 :   Lair:4 [   Vaults:5 [   Depths:1 ?*

Portals:
Hell: Depths:1 Depths:2 Depths:3 Depths:4
Abyss: Depths:1 Depths:3 Depths:4
Pandemonium: Depths:2
Trove: D:13 (give 4 scrolls of blinking)

Annotations:
D:1 Natasha
Lair:4 1 runed translucent door
Spider:4 Nikola
Orc:1 2 transporters
Elf:2 3 runed translucent doors
Vaults:3 2 transporters, Innyits's ghost, adept DjAE
Depths:1 3 runed translucent doors, Anlups's ghost, veteran SpHu
Depths:3 1 transporter


Innate Abilities, Weirdness & Mutations

You are a living statue of rough stone.
Your actions are slow, but your melee attacks are powerful.
You are resistant to unholy torment.
Your maximum health is greatly increased.
Your equipment is partially melded.
You are immune to poison.
((You are very nimble when in or above water. (Stealth+, EV+, Speed+++)))
Your lower body shifts to a powerful aquatic tail in water.
You are weak. (Str -2)
You expend magic power (3 MP) to strengthen your wands.


Message History

Your legs become a tail as you enter the water.
There is a stone staircase leading up here.
You climb upwards.
There is a stone staircase leading down here.
What level of the Dungeon? (default 4, ? - help)
An Ice Fiend comes into view.
You puncture the Ice Fiend!
The Ice Fiend is devoured by a tear in reality.
No target in view!
What level of the Dungeon? (default 1, ? - help)
There is a stone staircase leading up, spattered with blood here.
You climb upwards.
There is a stone staircase leading down here.
There is a stone staircase leading up here.
You climb upwards.
There is a stone staircase leading down here.
Natasha, Servant of Life and Death comes into view.
Natasha hisses angrily.
You block Natasha's attack. Natasha attacks as she pursues you!
You block Natasha's attack. x2
Natasha stares at you and mumbles some strange words.
The magic dart hits you but does no damage.
Natasha casts a spell at you.
The magic dart hits you but does no damage.
Natasha attacks as she pursues you! You block Natasha's attack.
Natasha attacks as she pursues you! You block Natasha's attack.
Natasha closely misses you. Natasha attacks as she pursues you!
You block Natasha's attack. x2
You block Natasha's attack. Natasha misses you.
Natasha casts a spell.
Natasha casts a spell at you.
The magic dart hits you but does no damage.
There is a staircase leading out of the dungeon here.
Natasha misses you.
The cerulean imp hits you from afar with a +2 spear.
You block Natasha's attack. You block the cerulean imp's attack.
You block Natasha's attack. You block the cerulean imp's attack.
You have escaped!

.# #.#######...##.#..........###
.####.# #...##.#.####..##...#
......##### #..)##.#.# #..##.#.#
..........# #...##.#.# #.......#
..........###...##.#.# #.#...#..
..........#...####...####.....#.#
.....#................)####.#.#.#
..##.#.#####.#####.###.# #.#.#..
..##.#.#...#.#.h8#.#...# #.#.###
...#.#.###.###5###.###.####.#.###
...'.....#>....#..>..#........#..
...#.#.###.###.#.###.#.#.##......
...#.#.#...#.#5#.#.#.#.#.##..##.#
...#...#####.#.###.###.#.##...#.#
.............#>.......).........#
######.#####.#.###.###...#.#.#..#
#.#...#.#.#.#.#.#.)........#


You could see Natasha and a cerulean imp (summoned).

Vanquished Creatures
  2 orbs of fire
  An ancient lich (Vaults:3)
  Boris (twice) (Depths:3 D:4)
  3 Killer Klowns
  A curse toe (Zot:3)
  5 caustic shrikes
  2 golden dragons
  A bone dragon (Vaults:3)
  Jory (Depths:4)
  3 pandemonium lords
  8 tentacled monstrosities
  5 liches
  A walking frostbound tome (Depths:4)
  9 Orb Guardians
  5 titans
  A quicksilver dragon (Zot:5)
  4 deep elf master archers
  3 deep elf blademasters (Elf:3)
  2 Executioners
  3 sphinxes
  2 death cobs
  A thorn hunter (Swamp:2)
  5 tengu reavers (Depths:2)
  Kirke (Lair:4)
  A shadow dragon (Vaults:5)
  3 storm dragons
  2 protean progenitors
  5 fire giants
  A daeva (Zig:4)
  Roxanne (Swamp:3)
  A fenstrider witch (Swamp:4)
  2 iron dragons
  7 vault wardens
  A draconian monk (Depths:4)
  15 deep elf sorcerers
  3 balrugs
  3 imperial myrmidons (Desolation)
  4 emperor scorpions
  7 frost giants
  Louise (Spider:1)
  4 ghost moths
  A caustic shrike zombie (Depths:1)
  2 orc warlords
  3 deep elf elementalists
  3 angels
  7 stone giants
  A cacodemon (D:8)
  2 spriggan defenders
  4 formless jellyfish
  A reaper (Zot:5)
  2 war gargoyles
  A demonspawn blood saint (D:15)
  13 ironbound preservers
  A vampire knight (Depths:2)
  20 very ugly things
  9 ironbound thunderhulks
  A caustic shrike skeleton (Depths:2)
  A demonspawn black sun (Zot:5)
  A black draconian (Depths:4)
  12 deep elf demonologists
  A lorocyproca (Zot:5)
  2 purple draconians
  8 deep elf death magi
  5 eleionomae
  A green draconian (Depths:4)
  A bunyip (Swamp:2)
  5 deep elf annihilators (Elf:3)
  A halazid warlock (Desolation)
  A red draconian (Zot:4)
  10 spark wasps
  7 dire elephants
  2 merfolk impalers (Depths:1)
  5 crystal guardians
  Josephine (Lair:4)
  5 ettins
  9 fire dragons
  7 entropy weavers
  A quicksilver dragon zombie (Depths:1)
  6 servants of whispers (Desolation)
  4 ragged hierophants (Desolation)
  7 yaktaur captains
  5 rakshasas
  4 deep elf high priests
  5 ice dragons
  A jorogumo (shapeshifter) (Depths:1)
  4 jorogumos
  9 vault guards
  22 hydras
  A merfolk avatar (Lair:5)
  2 catoblepae
  6 great orbs of eyes
  7 alligators
  4 ghost crabs
  5 spriggan air magi
  9 ironbound frosthearts
  2 ogre magi
  16 centaur warriors
  7 peacekeepers
  3 radroaches
  15 dancing weapons
  8 two-headed ogres
  A vampire mage (D:15)
  4 boulder beetles
  A death scarab (Zig:2)
  5 demonic crawlers
  6 spriggan berserkers
  3 death yaks (Lair:4)
  An orc high priest (Orc:2)
  2 deep troll shamans (Depths:1)
  10 tengu warriors
  4 occultists
  3 deep troll earth magi
  13 deep elf knights
  8 spriggans
  Sonja (Lair:1)
  12 hell knights
  4 sun demons
  3 skysharks
  A soul eater (Zot:4)
  2 sun moths
  8 skeletal warriors
  5 pharaoh ants
  3 iron trolls (Depths:1)
  A spriggan druid (Swamp:1)
  6 glowing orange brains
  4 large abominations
  A sea snake (Lair:5)
  A spark wasp zombie (Depths:1)
  3 goliath frogs
  2 cherubim (Zig:4)
  8 orb spiders
  38 deep trolls
  9 swamp dragons
  3 bog bodies (Swamp:1)
  7 deep elf archers
  4 flayed ghosts
  7 arcanists
  An orb spider (shapeshifter) (Depths:4)
  3 phantasmal warriors
  16 ironbound convokers
  2 steelbarb worms (Spider:2)
  14 deep elf zephyrmancers
  3 golden dragon skeletons (Depths:1)
  A harpy (Lair:5)
  2 frost giant zombies (Depths:1)
  2 shadow dragon skeletons (Depths:1)
  20 deep elf pyromancers
  9 lindwurms
  14 necromancers
  An oklob plant (Lair:1)
  4 orc knights (Orc:2)
  Maurice (Orc:2)
  5 orc sorcerers
  A stone giant zombie (Depths:1)
  8 will-o-the-wisps
  A salamander (shapeshifter) (Elf:1)
  14 wolf spiders
  10 cyclopes
  41 ugly things
  6 manticores
  11 moths of wrath
  A stone giant skeleton (Depths:1)
  17 elephants
  2 black mambas
  4 guardian serpents (Desolation)
  A guardian serpent (shapeshifter) (Depths:4)
  3 molten gargoyles (Desolation)
  A torpor snail (shapeshifter) (Depths:2)
  20 vault sentinels
  11 cane toads
  A smoke demon (Depths:1)
  6 torpor snails
  An unseen horror (D:12)
  2 orange demons
  A gargoyle (D:13)
  A rime drake (Lair:5)
  A kobold demonologist (D:10)
  20 yaktaurs
  2 freezing wraiths
  A tormentor (Zot:5)
  8 komodo dragons
  13 tengu conjurers
  A red devil (Depths:1)
  8 trolls
  A bloated husk (Swamp:2)
  2 polar bears (Lair:5)
  A queen bee (shapeshifter) (Vaults:5)
  3 meliai (Spider:4)
  10 tyrant leeches
  2 wind drakes (Lair:5)
  A polar bear (shapeshifter) (D:14)
  A wolf spider simulacrum (D:15)
  37 saltlings (Desolation)
  13 hornets
  9 dream sheep
  A glass eye (Depths:4)
  20 blink frogs
  A blink frog (shapeshifter) (D:14)
  A spriggan zombie (D:15)
  18 tarantellas
  39 slime creatures
  11 jumping spiders
  3 shadows
  5 air elementals
  7 water elementals
  26 culicivoras
  A spriggan skeleton (D:15)
  5 wyverns
  A vampire (D:11)
  3 fire elementals
  A hog (shapeshifter) (Elf:3)
  6 wraiths
  A basilisk (Lair:2)
  32 yaks
  A hog (Lair:4)
  2 steam dragons (Lair:5)
  3 wargs
  11 vampire mosquitoes
  15 swamp worms
  63 redbacks
  Edmund (D:6)
  An acid dragon (D:9)
  9 water moccasins
  Duvessa (D:6)
  37 orc warriors
  7 swamp drakes (Swamp:4)
  A black bear (D:8)
  An ice beast (D:7)
  4 sky beasts (D:7)
  9 boggarts
  5 ogres
  A wolf (Lair:5)
  4 centaurs
  2 phantoms
  5 kobold brigands
  17 bullfrogs
  A scorpion (D:5)
  2 earth elementals
  2 gnoll sergeants
  8 wights (D:8)
  Dowan (D:6)
  11 killer bees
  12 electric eels
  6 howler monkeys
  2 hounds
  22 orc priests
  2 jellies
  3 iguanas
  26 orc wizards
  Natasha (twice) (D:2 D:1)
  8 gnolls
  5 adders
  An adder (shapeshifter) (Elf:1)
  A shadow imp (D:7)
  A worm (D:4)
  A dart slug (D:5)
  75 orcs
  3 ball pythons
  2 endoplasms (D:1)
  3 giant cockroaches
  8 goblins
  9 hobgoblins
  37 kobolds
  A quokka (D:4)
  12 bats
  4 frilled lizards
  4 rats
  An aspiring flesh (Zot:1)
1689 creatures vanquished.

Vanquished Creatures (collateral kills)
  4 Killer Klowns (Zot:5)
  2 electric golems (Zot:5)
  8 Orb Guardians (Zot:5)
  4 tentacled monstrosities
  A titan (Vaults:5)
  2 sphinxes (Vaults:5)
  2 storm dragons (Vaults:5)
  2 shadow dragons
  A draconian scorcher (Zot:5)
  2 protean progenitors (Zot:5)
  A vault warden (Vaults:5)
  2 ghost moths (Zot:5)
  2 very ugly things (Vaults:5)
  A draconian annihilator (Zot:5)
  2 war gargoyles (Vaults:5)
  2 stone giants (Vaults:5)
  A deep elf death mage (Vaults:5)
  A green draconian (Zot:5)
  4 yaktaur captains (Vaults:5)
  11 vault guards (Vaults:5)
  2 death yaks (Zot:5)
  A deep troll earth mage (Vaults:5)
  2 phantasmal warriors (Vaults:5)
  A salamander (shapeshifter) (Vaults:5)
  3 vault sentinels (Vaults:5)
  2 yaktaurs (Vaults:5)
  A chaos spawn (Zot:5)
67 creatures vanquished.

Vanquished Creatures (others)
  A dread lich (Vaults:5)
  2 ancient liches (Zot:5)
  2 Killer Klowns (Zot:5)
  A tentacled monstrosity (Vaults:5)
  6 Orb Guardians (Zot:5)
  A sphinx (Vaults:5)
  4 tengu reavers (Vaults:5)
  A shadow dragon (Vaults:5)
  A vault warden (Vaults:5)
  A draconian shifter (Zot:5)
  2 ironbound preservers (Vaults:5)
  3 stone giants (Vaults:5)
  A war gargoyle (Vaults:5)
  A green draconian (Zot:5)
  A purple draconian (Zot:5)
  An ettin (Vaults:5)
  2 yaktaur captains (Vaults:5)
  A hydra (Swamp:4)
  9 vault guards (Vaults:5)
  An ogre mage (Vaults:5)
  A dancing weapon (Elf:2)
  An orb spider (shapeshifter) (Vaults:5)
  A swamp dragon (Swamp:4)
  A phantasmal warrior (Vaults:5)
  3 ironbound convokers (Vaults:5)
  3 deep elf pyromancers (Elf:1)
  2 deep elf zephyrmancers
  A rust devil (Zot:5)
  A yaktaur (Vaults:5)
  5 bloated husks
  A human (Lair:4)
  A vampire mosquito (Swamp:2)
  A swamp worm (Swamp:3)
  A water moccasin (Lair:4)
  3 swamp drakes (Swamp:4)
  A butterfly (Depths:3)
  46 foxfires
115 creatures vanquished.

Grand Total: 1871 creatures vanquished

Notes
Turn   | Place    | Note
-------+----------+-------------------------------------------
     0 | D:1      | Kearsarge the Merfolk Fighter began the quest for the Orb.
     0 | D:1      | Reached XP level 1. HP: 18/18 MP: 1/1
   190 | D:1      | Reached XP level 2. HP: 24/24 MP: 2/2
   813 | D:2      | Noticed Natasha
   822 | D:1      | Reached XP level 3. HP: 19/30 MP: 3/3
   941 | D:2      | Killed Natasha
   960 | D:2      | Noticed Natasha
   991 | D:1      | Killed Natasha
   992 | D:1      | Reached skill level 5 in Polearms
   992 | D:1      | Reached XP level 4. HP: 22/37 MP: 4/4
  1504 | D:3      | Reached XP level 5. HP: 41/43 MP: 5/5
  2789 | D:4      | Identified the +4 flail "Kefes" {flame, rPois rCorr Int+2
                  | Dex-5}
  2934 | D:5      | Entered Level 5 of the Dungeon
  2973 | D:5      | Found Qyrionur's Book Shop.
  2980 | D:5      | Reached XP level 6. HP: 50/50 MP: 6/6
  3143 | D:5      | Reached skill level 5 in Fighting
  3440 | D:5      | Reached XP level 7. HP: 52/56 MP: 7/7
  4038 | D:6      | Reached XP level 8. HP: 65/65 MP: 8/8
  4058 | D:6      | Reached skill level 10 in Polearms
  4226 | D:6      | Found a staircase to the Ecumenical Temple.
  4254 | Temple   | Entered the Ecumenical Temple
  4309 | Temple   | Became a worshipper of Gozag Ym Sagoz the Greedy
  4627 | D:6      | Noticed Edmund
  4649 | D:6      | Killed Edmund
  4965 | D:6      | Noticed Duvessa
  4965 | D:6      | Noticed Dowan
  4979 | D:6      | Killed Duvessa
  4980 | D:6      | Killed Dowan
  5366 | D:7      | Reached XP level 9. HP: 74/74 MP: 9/9
  6772 | D:9      | Reached XP level 10. HP: 72/83 MP: 10/10
  6779 | D:9      | Found a blossoming altar of Fedhas.
  6822 | D:9      | Found a staircase to the Lair.
  6881 | D:9      | Found a staircase to the Orcish Mines.
  6909 | D:9      | Reached skill level 15 in Polearms
  7035 | D:9      | Found a flagged portal.
  7071 | Bailey   | Entered a bailey
  7175 | Bailey   | Noticed an orc warlord
  7208 | Bailey   | Reached skill level 10 in Fighting
  7273 | Bailey   | Found a runed translucent gate.
  7273 | Bailey   | Found a runed translucent gate.
  7273 | Bailey   | Found a runed translucent gate.
  7362 | Bailey   | Acquired 738 gold pieces
  7545 | Bailey   | Killed an orc warlord
  7605 | Bailey   | Acquired 920 gold pieces
  7613 | D:9      | Bought 3 scrolls of teleportation for 117 gold pieces
  7613 | D:9      | Bought a scroll of revelation for 97 gold pieces
  7613 | D:9      | Bought a scroll of teleportation for 39 gold pieces
  7613 | D:9      | Bought a scroll of teleportation for 39 gold pieces
  7615 | D:9      | Bought the ring of Incredulity {Will+ Str+6 Int+4} for 627
                  | gold pieces
  7653 | D:9      | Reached skill level 1 in Shapeshifting
  7660 | D:9      | Noticed a two-headed ogre
  7672 | D:9      | Killed a two-headed ogre
  7834 | D:9      | Reached skill level 5 in Shapeshifting
  8186 | D:9      | Reached XP level 11. HP: 72/92 MP: 11/11
  8331 | D:10     | Entered Level 10 of the Dungeon
  8608 | D:10     | Noticed a two-headed ogre
  8621 | D:10     | Killed a two-headed ogre
  9663 | D:11     | Reached skill level 10 in Shapeshifting
 10461 | Orc:1    | Entered Level 1 of the Orcish Mines
 10462 | Orc:1    | Found Nyffiw's Antique Armour Shoppe.
 10488 | Orc:1    | Noticed an orc sorcerer
 10492 | Orc:1    | Found a dark tunnel.
 10705 | Orc:1    | Found a transporter.
 10705 | Orc:1    | Noticed an orc knight
 10705 | Orc:1    | Noticed an orc sorcerer
 10707 | Orc:1    | Noticed an orc sorcerer
 10752 | Orc:1    | HP: 2/92 [warg (12)]
 11014 | Orc:1    | Killed an orc sorcerer
 11046 | Orc:1    | Noticed a two-headed ogre
 11047 | Orc:1    | Noticed a two-headed ogre
 11048 | Orc:1    | Noticed an orc knight
 11049 | Orc:1    | Noticed an orc high priest
 11050 | Orc:1    | Found a transporter.
 11052 | Orc:1    | Noticed a stone giant
 11292 | Orc:1    | Noticed an orc warlord
 11344 | D:9      | Bought a granite talisman for 660 gold pieces
 11367 | D:9      | Bought a ring of protection from fire for 275 gold pieces
 11427 | Orc:2    | Entered Level 2 of the Orcish Mines
 11749 | Orc:2    | Noticed Maurice
 11770 | Orc:2    | Something stole a ring of flight
 11772 | Orc:2    | Killed Maurice
 11930 | Orc:2    | Reached XP level 12. HP: 98/98 MP: 12/12
 11941 | Orc:2    | Noticed an orc high priest
 12036 | Orc:2    | Killed an orc high priest
 12266 | Orc:2    | Noticed an orc warlord
 12295 | Orc:2    | Killed an orc warlord
 12695 | Orc:2    | Reached skill level 15 in Shapeshifting
 13041 | Orc:2    | Found Askisycui's Antique Armour Emporium.
 13056 | Orc:2    | Found Sixuc's Antique Weapon Emporium.
 13079 | Orc:2    | Found a staircase to the Elven Halls.
 13233 | Orc:2    | Reached skill level 1 in Dodging
 13240 | Orc:2    | Found Veni's Jewellery Emporium.
 13247 | Orc:2    | Bought an amulet of reflection for 420 gold pieces
 13340 | Orc:2    | Found Tempalutz's General Store.
 13347 | Orc:2    | Bought a potion of mutation for 120 gold pieces
 13475 | Lair:1   | Entered Level 1 of the Lair of Beasts
 13564 | Lair:1   | Noticed Sonja
 13577 | Lair:1   | Killed Sonja
 13788 | Lair:1   | Noticed a catoblepas
 13799 | Lair:1   | Killed a catoblepas
 13817 | Lair:1   | Reached skill level 5 in Dodging
 13817 | Lair:1   | Reached skill level 5 in Shields
 13818 | Lair:1   | Reached XP level 13. HP: 104/104 MP: 13/13
 15795 | Lair:3   | Reached skill level 10 in Dodging
 15810 | Lair:3   | Found a hole to the Spider Nest.
 15833 | Lair:3   | Found a staircase to the Swamp.
 16267 | Lair:4   | Noticed Josephine
 16289 | Lair:4   | Killed Josephine
 16314 | Lair:4   | Reached XP level 14. HP: 111/111 MP: 14/14
 16468 | Lair:4   | Noticed Kirke
 16486 | Lair:4   | Killed Kirke
 16491 | Lair:4   | Reached skill level 10 in Shields
 16715 | Lair:4   | Got the Compendium of the Grave
 16778 | Lair:4   | Found a runed translucent door.
 16779 | Lair:4   | Found a viscous altar of Jiyva.
 16779 | Lair:4   | Found a staircase to the Slime Pits.
 16779 | Lair:4   | Noticed an azure jelly
 16779 | Lair:4   | Noticed an azure jelly
 17140 | Lair:5   | Entered Level 5 of the Lair of Beasts
 17562 | Lair:5   | Reached skill level 15 in Dodging
 18698 | D:12     | Reached XP level 15. HP: 120/120 MP: 15/15
 18829 | D:12     | Reached XP level 16. HP: 131/131 MP: 16/16
 18830 | D:12     | Reached XP level 17. HP: 137/137 MP: 17/17
 19275 | D:13     | Found an ancient bone altar of Kikubaaqudgha.
 19523 | D:13     | Found a portal to a secret trove of treasure.
 19561 | D:13     | Bought a shiny helmet for 270 gold pieces
 19561 | D:13     | Bought a runed buckler for 270 gold pieces
 20057 | Elf:1    | Entered Level 1 of the Elven Halls
 20069 | Elf:1    | Paralysed by an air elemental for 1 turns
 20556 | Elf:1    | Found Itilish's Book Emporium.
 20556 | Elf:1    | Found Jimm's Jewellery Shop.
 20557 | Elf:1    | Found Erefao's Book Emporium.
 20787 | Elf:1    | Reached skill level 15 in Fighting
 21155 | Elf:2    | Found Wefoo's Book Shoppe.
 21180 | Elf:2    | Found a crumbling gateway.
 21233 | Elf:2    | Found a white marble altar of Elyvilon.
 21233 | Elf:2    | Found a glowing silver altar of Zin.
 21233 | Elf:2    | Found a glowing golden altar of the Shining One.
 21332 | Desolati | Entered the Desolation of Salt
 21559 | Desolati | Identified the ring of the Voivode {rN+ Will+ MP+9 Str+7
                  | Int-4}
 21853 | Desolati | Got the Omnibus of Smouldering Shades
 21856 | Desolati | Identified the +3 sling of Cruel Justice {heavy, rPois
                  | Will- Dex+3}
 21859 | Desolati | Got the Omnibus of the Icicle and Vapour
 22082 | Desolati | Found the +13 scythe of Curses {drain, curses, ^Drain}
 22083 | Desolati | Identified the staff of Sif Muna's Outrage {rElec rC+ Dex+3
                  | Ice}
 22085 | Desolati | Got the Incunable of Inconstant Bewitchment
 22087 | Desolati | Got Sif Muna's Almanac of Repulsive Therianthropy
 22452 | Desolati | Got the Exposition on Evil Words and Vicissitude
 22454 | Desolati | Identified the +2 fire dragon scales of the Jackalope
                  | {rPois rF++ rC- rN+ MP-9}
 22465 | Desolati | Identified the amulet of Logathri {RegenMP Will+}
 22477 | Desolati | Reached XP level 18. HP: 154/154 MP: 18/18
 22764 | Elf:2    | Found a runed translucent gate.
 22765 | Elf:2    | Found a runed translucent gate.
 22765 | Elf:2    | Found a runed translucent gate.
 22800 | Elf:2    | Found a huge runed gate.
 22800 | Elf:2    | Found a huge runed gate.
 22800 | Elf:2    | Found a huge runed gate.
 22801 | Elf:2    | Found a huge runed gate.
 22815 | Elf:2    | Found a huge runed gate.
 22817 | Elf:2    | Found a huge runed gate.
 22817 | Elf:2    | Found a huge runed gate.
 22817 | Elf:2    | Found a huge runed gate.
 22818 | Elf:2    | Found a huge runed gate.
 22818 | Elf:2    | Found a huge runed gate.
 22824 | Elf:2    | Found a huge runed gate.
 22824 | Elf:2    | Found a huge runed gate.
 22824 | Elf:2    | Found a huge runed gate.
 22824 | Elf:2    | Found a huge runed gate.
 22824 | Elf:2    | Found a huge runed gate.
 22824 | Elf:2    | Found a huge runed gate.
 22825 | Elf:2    | Found a huge runed gate.
 22826 | Elf:2    | Found a huge runed gate.
 22827 | Elf:2    | Found a huge runed gate.
 22835 | Elf:2    | Found a huge runed gate.
 22835 | Elf:2    | Found a huge runed gate.
 22835 | Elf:2    | Found a huge runed gate.
 22835 | Elf:2    | Found a huge runed gate.
 22835 | Elf:2    | Found a huge runed gate.
 22835 | Elf:2    | Found a huge runed gate.
 22835 | Elf:2    | Found a huge runed gate.
 22836 | Elf:2    | Found a huge runed gate.
 22837 | Elf:2    | Found a huge runed gate.
 22890 | Elf:2    | Found a huge runed gate.
 22890 | Elf:2    | Found a huge runed gate.
 22890 | Elf:2    | Found a huge runed gate.
 22890 | Elf:2    | Found a huge runed gate.
 22890 | Elf:2    | Found a huge runed gate.
 22894 | Elf:2    | Found a huge runed gate.
 22901 | Elf:2    | Found a huge runed gate.
 22901 | Elf:2    | Found a huge runed gate.
 23297 | Elf:3    | Entered Level 3 of the Elven Halls
 23310 | Elf:3    | Found a huge runed translucent gate.
 23311 | Elf:3    | Found a huge runed translucent gate.
 23312 | Elf:3    | Found a huge runed translucent gate.
 23312 | Elf:3    | Found a huge runed translucent gate.
 23312 | Elf:3    | Found a huge runed translucent gate.
 23312 | Elf:3    | Found a huge runed translucent gate.
 23312 | Elf:3    | Found a huge runed translucent gate.
 23312 | Elf:3    | Found a huge runed translucent gate.
 23316 | Elf:3    | Identified the +4 double sword of Dominance {flame, rPois
                  | Int+3 Dex-2}
 23316 | Elf:3    | Noticed a deep elf blademaster
 23316 | Elf:3    | Noticed a deep elf blademaster
 23502 | Elf:3    | Killed a deep elf blademaster
 23516 | Elf:3    | Killed a deep elf blademaster
 24516 | Elf:3    | Paralysed by an air elemental for 1 turns
 24575 | Elf:3    | Noticed a deep elf master archer
 24588 | Elf:3    | Killed a deep elf master archer
 24589 | Elf:3    | Noticed a deep elf master archer
 24599 | Elf:3    | Killed a deep elf master archer
 24711 | Elf:3    | Noticed a Tzitzimitl
 25047 | Elf:3    | Noticed a Hell Sentinel
 25114 | Elf:3    | Noticed a deep elf master archer
 25122 | Elf:3    | Killed a deep elf master archer
 25155 | Elf:3    | Gained mutation: Armour fits poorly on your strangely
                  | shaped body. [a cacodemon]
 25156 | Elf:3    | Gained mutation: You are dopey. (Int -2) [a cacodemon]
 25170 | Elf:3    | Noticed a deep elf blademaster
 25178 | Elf:3    | Killed a deep elf blademaster
 25204 | Elf:3    | Noticed a Hell Sentinel
 25256 | Elf:3    | Identified the +1 halberd "Esezxoss" {drain, rN+ Str+3
                  | Int+3}
 25256 | Elf:3    | Identified the ring of Interdependent Arising {rC+ Str+2}
 25258 | Elf:3    | Identified the +0 leather armour of Tartarus {rElec Will+
                  | Int-2}
 25313 | Elf:3    | Reached XP level 19. HP: 92/169 MP: 19/19
 25495 | Elf:3    | Identified the +8 quarterstaff of Doom {drain, Str+7}
 25519 | Elf:3    | Identified the +1 war axe of Foklaudu {heavy, rF++}
 25519 | Elf:3    | Identified the amulet "Titetado" {Acrobat Rampage Fly rPois
                  | Int-5}
 25796 | Elf:3    | Identified the +2 great sword of the Blue Skies {holy, rN+
                  | MP+9}
 25871 | Elf:3    | Identified the +0 plate armour "Raoh" {Int+2 Slay+2}
 25878 | Elf:3    | Identified the +8 shortbow "Ycul" {freeze, rF+}
 26256 | Swamp:1  | Entered Level 1 of the Swamp
 27058 | Swamp:1  | Found an ancient bone altar of Kikubaaqudgha.
 27866 | Swamp:2  | Identified the +8 falchion "Ocerchowk" {chaos, rPois rCorr
                  | Int+6 Dex-5}
 28528 | Swamp:3  | Noticed Roxanne
 28543 | Swamp:3  | Killed Roxanne
 28785 | Swamp:4  | Entered Level 4 of the Swamp
 29309 | Swamp:4  | Noticed a tentacled monstrosity
 29320 | Swamp:4  | Killed a tentacled monstrosity
 29870 | Swamp:4  | Got a decaying rune of Zot
 29994 | Spider:1 | Entered Level 1 of the Spider Nest
 30404 | Spider:1 | Reached XP level 20. HP: 176/176 MP: 20/20
 30501 | Spider:1 | Noticed Louise
 30514 | Spider:1 | Killed Louise
 32545 | Spider:4 | Entered Level 4 of the Spider Nest
 33545 | Spider:4 | Noticed Nikola
 33776 | Spider:4 | Got a gossamer rune of Zot
 34729 | D:14     | Found a gate to the Vaults.
 34851 | D:15     | Entered Level 15 of the Dungeon
 34892 | Vaults:1 | Entered Level 1 of the Vaults
 35078 | Vaults:1 | Reached XP level 21. HP: 183/183 MP: 21/21
 35979 | Vaults:1 | Reached skill level 15 in Shields
 38686 | Vaults:2 | Identified the +0 leather armour of Recklessness {Int+4}
 38975 | Vaults:3 | Noticed an ancient lich
 38994 | Vaults:3 | Killed an ancient lich
 39334 | Vaults:3 | Reached XP level 22. HP: 190/190 MP: 22/22
 39524 | Vaults:3 | Found a transporter.
 39524 | Vaults:3 | Noticed Innyits's ghost (adept DjAE)
 39549 | Vaults:3 | Found a transporter.
 39635 | Vaults:3 | Found a staircase to the Crypt.
 40432 | Vaults:4 | Identified the serpent talisman of Tyxir {rC+ MP-9 Str+3}
 40847 | Vaults:4 | Identified the +4 scale mail of Raijeoll {Rampage Regen+}
 41378 | Vaults:5 | Entered Level 5 of the Vaults
 41502 | Vaults:5 | Noticed a dread lich
 41696 | Vaults:5 | Killed a dread lich
 41798 | Vaults:5 | Identified the +0 hand axe of Watchfulness {heavy, rC+
                  | Dex+3}
 41838 | Vaults:5 | Identified the ring of Utzatza {rF+ rC- Str+4 Slay+5}
 41911 | Vaults:5 | Got a silver rune of Zot
 42022 | Vaults:5 | Got the Vellum of Nauseating Superposition
 42176 | Vaults:5 | Identified the +0 long sword of Cuuqidd {holy, rPois Dex+3}
 42185 | Vaults:5 | Reached XP level 23. HP: 203/203 MP: 23/23
 42375 | Vaults:5 | Identified the +0 ring mail of Avuxychoi {^Drain +Blink
                  | rPois Str+3}
 42495 | Vaults:5 | Found Wukh's Antique Armour Boutique.
 42500 | Vaults:5 | Identified the +6 great sword "Jeebesm" {flame, Fly rF- rN+
                  | Stlth+}
 42694 | Vaults:5 | Got Quatt's Cyclopedia of Lofty Minerals
 43236 | D:15     | Found Beojomae's Antique Armour Shoppe.
 43280 | D:15     | Bought a runed kite shield for 247 gold pieces
 43292 | D:15     | Bought a runed helmet for 247 gold pieces
 43821 | D:15     | Found a staircase to the Depths.
 43952 | Depths:1 | Entered Level 1 of the Depths
 44117 | Depths:1 | Identified the +3 quarterstaff of Ancient Evil {flame,
                  | Will- Int+5 SInv}
 44680 | Depths:1 | Found a gateway to Hell.
 44735 | Depths:1 | Found a one-way gate to the infinite horrors of the Abyss.
 44752 | Depths:1 | Found Dikitad's Magic Scroll Shoppe.
 44758 | Depths:1 | Bought a scroll of fog for 92 gold pieces
 44758 | Depths:1 | Bought a scroll of teleportation for 69 gold pieces
 44758 | Depths:1 | Bought a scroll of fog for 92 gold pieces
 44758 | Depths:1 | Found Lyidyrum's General Store.
 45081 | Depths:1 | Found a runed translucent gate.
 45081 | Depths:1 | Found a runed translucent gate.
 45081 | Depths:1 | Found a runed translucent gate.
 45082 | Depths:1 | Noticed Anlups's ghost (veteran SpHu)
 45491 | Depths:2 | Found a one-way gate leading to the halls of Pandemonium.
 45689 | Depths:2 | Noticed a caustic shrike
 45696 | Depths:2 | Killed a caustic shrike
 45749 | Depths:2 | Identified the +9 chain mail of Lesser Demons {-Tele rPois
                  | rC++ Int+8}
 45757 | Depths:2 | Identified the +3 pair of gloves of the Bespelling Gods
                  | {rF+ rC- Will+}
 45947 | Depths:2 | Reached XP level 24. HP: 216/216 MP: 23/23
 45961 | Depths:2 | Noticed a caustic shrike
 45965 | Depths:2 | Killed a caustic shrike
 46571 | Depths:3 | Found a one-way gateway to a ziggurat.
 46598 | Depths:3 | Found a transporter.
 46605 | Depths:3 | Found a viscous altar of Jiyva.
 46674 | Depths:3 | Found a flickering gateway to a bazaar.
 46703 | Bazaar   | Entered a bazaar
 46767 | Bazaar   | Found Maavyal's Jewellery Shoppe.
 46767 | Bazaar   | Found Omikhuw's Weapon Emporium.
 46789 | Bazaar   | Found Hefuamn's Assorted Antiques.
 46794 | Bazaar   | Bought a scroll of teleportation for 36 gold pieces
 46794 | Bazaar   | Bought 2 potions of heal wounds for 120 gold pieces
 46805 | Bazaar   | Found Hasa's Magic Scroll Emporium.
 46810 | Bazaar   | Bought a scroll of immolation for 36 gold pieces
 46810 | Bazaar   | Bought a scroll of fog for 36 gold pieces
 46857 | Bazaar   | Bought the ring "Bitsanum" {+Blink rElec rC+ Will+++ Int-3}
                  | for 1150 gold pieces
 46865 | Bazaar   | Bought the ring "Keguaczi" {rElec rF+ AC+4 SInv} for 1040
                  | gold pieces
 46959 | Depths:3 | Noticed Boris
 46977 | Depths:3 | Killed Boris
 47172 | Depths:3 | Reached skill level 27 in Polearms
 47239 | Zig:1    | Entered Level 1 of a ziggurat
 47239 | Zig:1    | Noticed Vauronoq the pandemonium lord
 47248 | Zig:1    | Killed Vauronoq the pandemonium lord
 47260 | Zig:2    | Entered Level 2 of a ziggurat
 47290 | Zig:3    | Entered Level 3 of a ziggurat
 47295 | Zig:3    | Paralysed by an air elemental for 1 turns
 47325 | Zig:4    | Entered Level 4 of a ziggurat
 47708 | Depths:3 | Found a white marble altar of Elyvilon.
 47832 | Depths:4 | Entered Level 4 of the Depths
 47891 | Depths:4 | Noticed Jory
 47906 | Depths:4 | Killed Jory
 48336 | Depths:4 | Noticed a caustic shrike
 48336 | Depths:4 | Noticed a caustic shrike
 48337 | Depths:4 | Noticed a caustic shrike
 48340 | Depths:4 | Noticed a caustic shrike
 48340 | Depths:4 | Noticed a caustic shrike
 48342 | Depths:4 | Banished a caustic shrike
 48349 | Depths:4 | Killed a caustic shrike
 48354 | Depths:4 | Killed a caustic shrike
 48367 | Depths:4 | Banished a caustic shrike
 48376 | Depths:4 | Killed a caustic shrike
 48626 | Depths:4 | Reached XP level 25. HP: 232/232 MP: 23/23
 48661 | Depths:4 | Found a gate to the Realm of Zot.
 48897 | Zot:1    | Entered Level 1 of the Realm of Zot
 49179 | Zot:3    | Noticed an orb of fire
 49191 | Zot:3    | Killed an orb of fire
 49236 | Zot:3    | Lost mutation: Armour fits poorly on your strangely shaped
                  | body. [potion of mutation]
 49236 | Zot:3    | Lost mutation: You are dopey. (Int -2) [potion of mutation]
 49236 | Zot:3    | Gained mutation: Your natural rate of healing is unusually
                  | fast. [potion of mutation]
 49239 | Zot:4    | Noticed a Killer Klown
 49249 | Zot:4    | Killed a Killer Klown
 49270 | Zot:3    | Reached skill level 27 in Fighting
 49622 | Zot:4    | Noticed an orb of fire
 49622 | Zot:4    | Gained mutation: Your body sometimes deteriorates upon
                  | taking damage. [an orb of fire]
 49623 | Zot:4    | Gained mutation: You have hidden genetic defects. [an orb
                  | of fire]
 49628 | Zot:4    | Banished an orb of fire
 49656 | Zot:5    | Entered Level 5 of the Realm of Zot
 49814 | Zot:5    | Noticed an ancient lich
 49840 | Zot:5    | Noticed an ancient lich
 49843 | Zot:5    | Noticed a Killer Klown
 49846 | Zot:5    | Noticed a Killer Klown
 49847 | Zot:5    | Noticed an orb of fire
 49848 | Zot:5    | Noticed a Killer Klown
 49881 | Zot:5    | Gained mutation: Your health recovers twice as slowly from
                  | being drained. [hidden defects]
 49888 | Zot:5    | Paralysed by a Zot trap for 5 turns
 49891 | Zot:5    | Killed a Killer Klown
 49901 | Zot:5    | Noticed a Killer Klown
 49903 | Zot:5    | Killed a Killer Klown
 49916 | Zot:5    | Noticed a Killer Klown
 49919 | Zot:5    | Killed a Killer Klown
 49919 | Zot:5    | Noticed a Killer Klown
 49919 | Zot:5    | Noticed a Killer Klown
 49923 | Zot:5    | Noticed an orb of fire
 49924 | Zot:5    | Noticed a Killer Klown
 49930 | Zot:5    | Killed a Killer Klown
 49933 | Zot:5    | Killed a Killer Klown
 49937 | Zot:5    | Gained mutation: You are clumsy. (Dex -2) [an orb of fire]
 49939 | Zot:5    | Killed a Killer Klown
 49940 | Zot:5    | Gained mutation: You sometimes lose your temper in combat.
                  | [an orb of fire]
 49942 | Zot:5    | Killed an orb of fire
 49949 | Zot:5    | Got the Orb of Zot
 49949 | Zot:5    | Gained mutation: Armour fits poorly on your strangely
                  | shaped body. [hidden defects]
 49949 | Zot:5    | Lost mutation: You have hidden genetic defects. [hidden
                  | defects expressed]
 49963 | Zot:5    | Killed a Killer Klown
 49979 | Zot:5    | Lost mutation: Your body sometimes deteriorates upon taking
                  | damage. [potion of mutation]
 49979 | Zot:5    | Lost mutation: You are clumsy. (Dex -2) [potion of
                  | mutation]
 49979 | Zot:5    | Gained mutation: You have an uncontrollable temper. [potion
                  | of mutation]
 49979 | Zot:5    | Gained mutation: You are agile. (Dex +4, Str/Int -1)
                  | [potion of mutation]
 49980 | Zot:5    | Lost mutation: You are agile. (Dex +4, Str/Int -1) [potion
                  | of mutation]
 49980 | Zot:5    | Lost mutation: Your health recovers twice as slowly from
                  | being drained. [potion of mutation]
 49980 | Zot:5    | Gained mutation: You expend magic power (3 MP) to
                  | strengthen your wands. [potion of mutation]
 49980 | Zot:5    | Gained mutation: You have hidden genetic potential. [potion
                  | of mutation]
 49980 | Zot:5    | Gained mutation: You occasionally lose the ability to read
                  | scrolls when taking damage. [potion of mutation]
 49980 | Zot:5    | Gained mutation: You have sharp fingernails. [potion of
                  | mutation]
 49981 | Zot:5    | Lost mutation: You occasionally lose the ability to read
                  | scrolls when taking damage. [potion of mutation]
 49981 | Zot:5    | Lost mutation: You have sharp fingernails. [potion of
                  | mutation]
 49981 | Zot:5    | Lost mutation: Your natural rate of healing is unusually
                  | fast. [potion of mutation]
 49981 | Zot:5    | Lost mutation: You have hidden genetic potential. [potion
                  | of mutation]
 49981 | Zot:5    | Gained mutation: Your natural rate of healing is unusually
                  | fast. [potion of mutation]
 49983 | Zot:5    | Lost mutation: Your natural rate of healing is unusually
                  | fast. [potion of mutation]
 49983 | Zot:5    | Lost mutation: You have an uncontrollable temper. [potion
                  | of mutation]
 49983 | Zot:5    | Gained mutation: You are somewhat resistant to further
                  | mutation. [potion of mutation]
 49984 | Zot:5    | Lost mutation: Armour fits poorly on your strangely shaped
                  | body. [potion of mutation]
 49984 | Zot:5    | Lost mutation: You are somewhat resistant to further
                  | mutation. [potion of mutation]
 49984 | Zot:5    | Lost mutation: You sometimes lose your temper in combat.
                  | [potion of mutation]
 49984 | Zot:5    | Gained mutation: You are weak. (Str -2) [potion of
                  | mutation]
 50151 | Zot:2    | Noticed Fiwaur the pandemonium lord
 50161 | Zot:2    | Killed Fiwaur the pandemonium lord
 50378 | D:14     | Noticed Gufosso the pandemonium lord
 50501 | D:8      | Reached XP level 26. HP: 242/242 MP: 23/23
 50525 | D:6      | Noticed Leranin the pandemonium lord
 50526 | D:6      | Noticed an ancient lich
 50551 | D:5      | Killed Leranin the pandemonium lord
 50578 | D:4      | Noticed Boris
 50584 | D:4      | Killed Boris
 50674 | D:1      | Noticed Natasha
 50692 | D:$      | Escaped with the Orb!

Illustrated notes

Levels and vault maps discovered:
D:1:      evilmike_arrival_hilbert_curve, layout_basic
D:2:      layout_rooms, uniq_natasha
D:3:      layout_rooms, serial_bayou, serial_bayou_pond_a, serial_bayou_pond_a,
          serial_bayou_pond_d, serial_bayou_crossing
D:4:      layout_basic, serial_rivers, chequers_serial_rivers_micro_e,
          chequers_serial_rivers_large_b, chequers_serial_rivers_small_b,
          chequers_serial_rivers_room_a, chequers_serial_rivers_large_a,
          chequers_serial_rivers_micro_b, abandoned_shop
D:5:      layout_loops_cross, serial_shops, nicolae_stop_n_shop_1,
          minmay_tree_intersection
D:6:      layout_basic, minmay_temple_entry_tees, roderic_batcave,
          nicolae_water_bricks, uniq_duvessa, uniq_edmund
D:7:      layout_gridville, roderic_serpentine_path
D:8:      layout_rooms
D:9:      layout_irregular_city, fedhas_altar_1, lair_entry_dummy, david_orc_5,
          enter_bailey_2
D:10:     layout_loops_cross
D:11:     layout_basic
D:12:     layout_roguey, unseen_surprise_small
D:13:     layout_basic, enter_trove_2, kiku_gazebo_garden_becter
D:14:     layout_rooms, david_vaults_5, serial_rivers,
          chequers_serial_rivers_micro_c, chequers_serial_rivers_micro_b,
          chequers_serial_rivers_room_b, chequers_serial_rivers_small_a,
          chequers_serial_rivers_room_a, grunt_decor_cap
D:15:     gammafunk_depths_entry_grave, layout_basic, serial_shops, shop
Temple:   mainiacjoe_temple_starburst
Lair:1:   layout_layer_cave, minmay_lair_oklob_items, grunt_megastairs_1,
          uniq_sonja
Lair:2:   layout_gridlike
Lair:3:   layout_gridlike, swamp_mist_pool,
          hellmonk_spider_entry_life_and_decay, lemuel_fruit_fields,
          serial_bayou_shore_a
Lair:4:   layout_regular_city, slime_entry_2, uniq_kirke, uniq_josephine
Lair:5:   gammafunk_lair_ancient_temple, layout_gridlike,
          minmay_stone_trees_small, kilobyte_rumbling_trees
Swamp:1:  layout_basic_swamp, evilmike_swamp_ruin_wall, swamp_pool_5,
          nicolae_swamp_trees_clearing, grunt_ruined_hall
Swamp:2:  layout_basic_swamp, nicolae_swamp_triple_paths
Swamp:3:  layout_falls_marsh, hangedman_swamp_ruin_hall, swamp_pool_1_2,
          statue_in_the_mist_lemuel, uniq_roxanne
Swamp:4:  swamp_fiery, layout_basic_swamp
Spider:1: layout_spider_delve, uniq_louise
Spider:2: nicolae_spider_hilbert_zone_1 [nicolae_spider_hilbert_4_sides_1_open,
          nicolae_spider_hilbert_4_sides_1_open,
          nicolae_spider_hilbert_4_sides_1_open,
          nicolae_spider_hilbert_4_sides_1_open,
          nicolae_spider_hilbert_3_sides_1_open,
          nicolae_spider_hilbert_3_sides_1_open,
          nicolae_spider_hilbert_3_sides_1_open,
          nicolae_spider_hilbert_3_sides_1_open,
          nicolae_spider_hilbert_3_sides_1_open,
          nicolae_spider_hilbert_6_sides_1_open,
          nicolae_spider_hilbert_6_sides_1_open,
          nicolae_spider_hilbert_3_sides_1_open,
          nicolae_spider_hilbert_3_sides_1_open,
          nicolae_spider_hilbert_3_sides_1_open,
          nicolae_spider_hilbert_3_sides_1_open,
          nicolae_spider_hilbert_2_sides_1_open], nicolae_spider_stair_cavern
Spider:3: layout_spider_delve
Spider:4: spider_rune_water, portal_ice_cave_entry_ice_simulacra, drop_trap,
          nicolae_spider_circle_web, uniq_nikola
Orc:1:    gammafunk_beogh_shrine, layout_caves, nicolae_volcano_entry_two_sided,
          serial_shops, nicolae_shop_hallway_plus
Orc:2:    grunt_orc_cross, layout_caves, nicolae_orc_pool_cavern, uniq_maurice
Elf:1:    layout_rooms, hangedman_elf_disciples, lemuel_upstairs_altar,
          minmay_shop_grove
Elf:2:    nicolae_elf_blades_crystal_corner, layout_geoelf_grid,
          portal_desolation_entry_holy_temple, serial_shops, shop,
          dk_noncrumbling_2, not_door_vault_mu, hangedman_elf_simple_split
Elf:3:    minmay_elf_hall_hex, layout_geoelf_castle,
          nicolae_elf_double_double_double_trouble
Vaults:1: v_misc_23, v_pattern_3, vaults_standard_mumra_lines,
          nicolae_vaults_what_the_h, grunt_vaults_bifocal,
          vaults_standard_mumra_enter_the_diamond, vaults_room_hallway,
          v_misc_32, nicolae_vaults_storage_room_glass,
          vaults_room_grunt_arrival_ludios, nicolae_vaults_tetromino_L_2,
          nicolae_vaults_cochlea, ontoclasm_vaults_ring_small,
          nicolae_vaults_house_1, layout_vaults_omnicross
Vaults:2: v_misc_19, ontoclasm_vaults_bender, nicolae_vaults_little_squares_6,
          nicolae_vaults_stepped_doors, nicolae_vaults_arrows, v_misc_2,
          nicolae_vaults_diamond_2, nicolae_vaults_diamond_2, vaults_dpeg_ring,
          layout_vaults_quadrants
Vaults:3: gammafunk_ghost_mausoleum, nicolae_vaults_offset_grid_hallway_2,
          vaults_mumra_chevron_long, vaults_room_octagon,
          hangedman_vaults_capsules, nicolae_vaults_rhombus_7,
          nicolae_vaults_rhombus_6, hangedman_vaults_cutoff,
          nicolae_vaults_turnstiles, nicolae_vaults_little_squares_4,
          minmay_crypt_entry_nasty_monster, v_pattern_2,
          nicolae_vaults_gold_heap, v_misc_2, layout_vaults_ring
Vaults:4: nicolae_vaults_lightning_bolt, nicolae_vaults_house_1,
          nicolae_vaults_tetromino_L_2, v_rooms_1, v_misc_2, vaults_room_fours,
          hangedman_vaults_cutoff, nicolae_vaults_storage_closets_2,
          hangedman_vaults_trim, v_misc_19, layout_vaults_big_room
Vaults:5
Depths:1: layout_gridlike, nicolae_kite_square_tiling_tiny,
          gammafunk_ghost_tricky_traps, abyss_entry, lightli_too_deep,
          minmay_fractal_squares_diagonal_5, minmay_shoptagon, firewood_loft
Depths:2: hangedman_pleasuredromes, pan_entry, hell_entry
Depths:3: gammafunk_jiyva_shrine, layout_cave_shapes, enter_ziggurat_f,
          rand_demon_pan_entry_4, abyss_entry, serial_shops, bzr_entry_gold,
          hell_entry, nicolae_elyvilon_peaceful_grove,
          infiniplex_staircase_pool_2, uniq_boris
Depths:4: evilmike_zot_entry_diamond, layout_small_grid, pf_coc_iceberg,
          abyss_entry_crystal, nicolae_qazlal_general_emergency,
          minmay_misc_feat_pillars, serial_bayou_lagoon_a, uniq_jory
Zot:1:    layout_basic, regret_index_zotdec_demonic_mixed,
          hangedman_zot_wheel_spokes, nicolae_shop_clearance, uniq_parghit
Zot:2:    layout_gridlike, regret_index_zotdec_zees, regret_index_zotdec_banners
Zot:3:    layout_gridlike, regret_index_zotdec_ceiling_fans, lemuel_elevator
Zot:4:    grunt_zot_stairs_mandelzot, layout_misc_corridors,
          regret_index_zotdec_gossamer_parallel, st_stairs_14
Zot:5:    layout_misc_corridors, grunt_megastairs_2

Skill      XL: |  1  2  3  4  5  6  7  8  9 10 11 12 13 14 15 16 17 18 19 20 21 22 23 24 25 |
---------------+----------------------------------------------------------------------------+-----
Polearms       | 3 4 5 6 7 9 12 14 16 17 19 21 24 26 27 | 27.0
Fighting       | 4 5 6 7 9 10 12 13 17 20 22 23 26 27 | 27.0
Shapeshifting  | 6 12 16 17 20 23 | 23.5
Dodging        | 5 11 15 21 | 21.9
Shields        | 5 9 10 11 13 17 18 | 18.0
Armour         | |  2.1

Action                     |  1- 3 |  4- 6 |  7- 9 | 10-12 | 13-15 | 16-18 | 19-21 | 22-24 | 25-27 || total
---------------------------+-------+-------+-------+-------+-------+-------+-------+-------+-------++-------
  Melee: Trident           |    68 |   167 |   281 |   705 |   727 |   973 |  1304 |       |       ||  4225
         Tailslap          |       |       |       |     4 |     9 |       |    13 |     4 |     2 ||    32
         Demon trident     |       |       |       |       |       |       |    82 |  1333 |   380 ||  1795
  Throw: Dart              |       |       |       |    10 |       |       |       |       |       ||    10
         Throwing net      |       |       |       |     4 |       |       |       |       |       ||     4
 Invoke: Call Merchant     |       |       |       |     2 |     1 |     2 |     2 |       |       ||     7
         Potion Petition   |       |       |       |     2 |       |     2 |       |     1 |       ||     5
         Bribe Branch      |       |       |       |       |       |       |       |     1 |     2 ||     3
  Evoke: Wand              |       |     3 |       |    22 |     1 |     4 |     1 |     1 |       ||    32
         Phial of floods   |       |       |       |       |       |       |     1 |       |       ||     1
    Use: Potion            |     2 |     1 |     1 |     4 |     1 |    20 |     2 |     1 |     6 ||    38
         Scroll            |       |    13 |     3 |    13 |     8 |    20 |    16 |     5 |     7 ||    85
   Stab: Distracted        |       |       |     1 |     5 |     3 |    10 |    18 |    18 |     1 ||    56
         Held in net/web   |       |       |       |     4 |       |       |       |       |       ||     4
         Petrified         |       |       |       |     5 |       |       |       |       |       ||     5
         Petrifying        |       |       |       |     1 |       |       |       |       |       ||     1
         Sleeping          |       |       |       |       |     2 |       |     4 |     4 |     2 ||    12
         Invisible         |       |       |       |       |       |    12 |     1 |       |       ||    13
         Confused          |       |       |       |       |       |       |     1 |       |       ||     1
 Armour: Scale mail        |    52 |    81 |   103 |   172 |       |       |       |       |       ||   408
         Skin              |       |       |       |    98 |   350 |   716 |  1407 |   395 |   223 ||  3189
  Dodge: Dodged            |    14 |    59 |    50 |   125 |   443 |   616 |  1363 |   338 |   144 ||  3152
  Block: Buckler           |    16 |    36 |    35 |    83 |   412 |   531 |   689 |       |       ||  1802
         Reflection        |       |       |       |     1 |     1 |    43 |    49 |    61 |     7 ||   162
         Tower shield      |       |       |       |       |       |       |   648 |   325 |       ||   973
         Kite shield       |       |       |       |       |       |       |       |   561 |   305 ||   866
   Form: Statue            |       |       |       |     1 |       |       |     1 |       |       ||     2
                           |       |       |       |       |       |       |     1 |       |       ||     1

Table legend: (Time is in decaauts)
 A = Elapsed time spent in this place.
 B = Non-inter-level travel time spent in this place.
 C = Inter-level travel time spent in this place.
 D = Time resting spent in this place.
 E = Time spent auto-exploring this place.
 F = Levels seen in this place.
 G = Mean time per level.
                   A        B        C        D        E       F      G
               +--------+--------+--------+--------+--------+-----+--------+
         Total |  66570 |  58093 |   8477 |   5098 |  40094 |  55 | 1210.4 |
       Dungeon |  15938 |  13698 |   2240 |    627 |  10750 |  15 | 1062.5 |
        Temple |    108 |      1 |    107 |      0 |      0 |   1 |  108.0 |
          Lair |   7211 |   6321 |    890 |      0 |   5093 |   5 | 1442.2 |
         Swamp |   4962 |   4711 |    251 |    313 |   3436 |   4 | 1240.5 |
   Spider Nest |   5879 |   5487 |    392 |    103 |   4278 |   4 | 1469.8 |
  Orcish Mines |   3624 |   3126 |    498 |    803 |   1686 |   2 | 1812.0 |
   Elven Halls |   6542 |   4830 |   1712 |   1356 |   2307 |   3 | 2180.7 |
        Vaults |  11232 |  10470 |    762 |    636 |   8032 |   5 | 2246.4 |
        Depths |   6211 |   5201 |   1010 |    190 |   3339 |   4 | 1552.8 |
           Zot |   1821 |   1209 |    612 |    411 |    211 |   5 |  364.2 |
      Ziggurat |    495 |    495 |      0 |     22 |    351 |   4 |  123.8 |
        Bazaar |    310 |    310 |      0 |      0 |    169 |   1 |  310.0 |
        Bailey |    491 |    491 |      0 |      0 |    244 |   1 |  491.0 |
    Desolation |   1742 |   1742 |      0 |    634 |    192 |   1 | 1742.0 |
               +--------+--------+--------+--------+--------+-----+--------+

Top non-repeatable levels by time:
   Elf:3: 3614 daAuts
Vaults:1: 3436 daAuts
   Orc:2: 2746 daAuts
Vaults:2: 2154 daAuts
Vaults:5: 2110 daAuts
Depths:1: 2059 daAuts
Spider:4: 1946 daAuts
Vaults:3: 1853 daAuts
Desolation: 1742 daAuts
Vaults:4: 1677 daAuts
Depths:2: 1655 daAuts
Spider:2: 1613 daAuts
    D:11: 1612 daAuts
  Lair:2: 1598 daAuts
 Swamp:4: 1556 daAuts
